 Dungeon Crawl Stone Soup version 0.24.0-1-gfbc8707 (webtiles) character file.

Game seed: 12067608493786184925, levelgen mode: deterministic

3511 ArcanElement the Thaumaturge (level 9, -4/56 HPs)
             Began as a Deep Elf Wizard on Nov 5, 2019.
             Killed from afar by Harold (8 damage)
             ... with a harpoon shot
             ... on level 7 of the Dungeon.
             The game lasted 00:31:14 (9734 turns).

ArcanElement the Thaumaturge (Deep Elf Wizard)      Turns: 9734, Time: 00:31:15

Health: -4/56      AC:  5    Str:  4    XL:     9   Next: 81%
Magic:  4/26       EV: 18    Int: 29    God:
Gold:   428        SH:  0    Dex: 13    Spells: 15/30 levels left

rFire    + . .     SeeInvis .   p - +3 spear
rCold    + . .     Gourm    .   (no shield)
rNeg     . . .     Faith    .   a - +0 robe
rPois    .         Spirit   .   s - +2 helmet
rElec    .         Reflect  .   A - scarf {rC+ rF+}
rCorr    .         Harm     .   (no gloves)
MR       .....                  (no boots)
Stlth    ++........             u - amulet of magic regeneration
HPRegen  0.18/turn              m - +2 ring of intelligence
MPRegen  0.45/turn              E - ring of flight

@: marked
A: no striking features
a: Evoke Flight


You were on level 7 of the Dungeon.
You were hungry.

You visited 2 branches of the dungeon, and saw 8 of its levels.
You also visited: Ossuary.

You collected 428 gold pieces.

Inventory:

Hand Weapons
 h - a +0 dagger
 o - a +0 spear
 p - a +3 spear (weapon)
 C - the +0 trident "Babotui" {flame, rN+ Dex+2}
   (You found it on level 5 of the Dungeon)

   It has been specially enchanted to burn those struck by it, causing extra
   injury to most foes and up to half again as much damage against particularly
   susceptible opponents.
   It affects your dexterity (+2).
   It protects you from negative energy.
Missiles
 v - 180 arrows
 y - 25 poisoned darts (quivered)
Armour
 a - a +0 robe (worn)
 b - a +0 hat
 c - a +0 buckler of reflection
 s - a +2 helmet (worn)
 A - a scarf of resistance (worn)
Jewellery
 m - a +2 ring of intelligence (left hand)
 u - an amulet of magic regeneration (around neck)
 E - a ring of flight (right hand)
 H - an uncursed amulet of regeneration
Wands
 x - a wand of acid (4)
 F - a wand of random effects (12)
 J - a wand of disintegration (9)
Scrolls
 e - 3 scrolls of teleportation
 f - 2 scrolls of magic mapping
 j - a scroll of blinking
 l - 2 scrolls of fog
 r - a scroll of remove curse
 t - 2 scrolls of enchant armour
 B - 2 scrolls of fear
 D - 2 scrolls of amnesia
 G - 2 scrolls of random uselessness {unknown}
Potions
 g - 7 potions of curing
 i - 2 potions of magic
 k - 3 potions of flight
 n - 6 potions of brilliance
 q - a potion of invisibility
 w - 4 potions of agility
 z - 2 potions of berserk rage
 I - 2 potions of resistance
 K - a potion of haste
Comestibles
 d - 11 rations


   Skills:
 + Level 6.7 Fighting
 + Level 10.0 Dodging
 - Level 2.4 Stealth
 + Level 11.3 Spellcasting
 - Level 1.1 Conjurations
 - Level 1.1 Summonings
 - Level 1.1 Translocations


You had 15 spell levels left.
You knew the following spells:

 Your Spells              Type           Power        Failure   Level  Hunger
a - Magic Dart            Conj           ###.         1%          1    None
b - Blink                 Tloc           N/A          3%          2    None
c - Call Imp              Summ           ###.....     3%          2    None
d - Slow                  Hex            ###.....     4%          2    None
e - Mephitic Cloud        Conj/Pois/Air  ###.....     9%          3    None
f - Conjure Flame         Conj/Fire      ###.....     8%          3    None
g - Sticks to Snakes      Tmut           ###.....     4%          2    None

Your spell library contained the following spells:

 Spells                   Type           Power        Failure   Level  Hunger
 Beastly Appendage        Tmut           ###...       3%          1    None
 Spider Form              Tmut/Pois      ###.......   10%         3    None
 Ice Form                 Ice/Tmut       ###.....     32%         4    None
 Blade Hands              Tmut           ###.......   67%         5    ###....


Dungeon Overview and Level Annotations

Branches:
Dungeon (7/15)             Temple (1/1) D:4         Ossuary (visited)

Altars:
Cheibriados
Dithmenos
Elyvilon
Fedhas
Gozag
Kikubaaqudgha
Makhleb
Nemelex Xobeh
Okawaru
Qazlal
Ru
Trog
Uskayaw
Vehumet
Wu Jian
Xom
Yredelemnul
Zin
The Shining One

Annotations:
D:7 Harold


Message History

You hit Harold.
Harold is almost dead.
Casting: Magic Dart (safe; 1% risk of failure)
Confirm with . or Enter, or press ? or * to list all spells.
Aiming: Magic Dart (safe; 1% risk of failure)
Press: ? - help, Shift-Dir - straight line, f/p - Harold
Aim: Harold, wielding a +0 war axe and wearing a +0 scale mail (almost dead)
The magic dart hits Harold.
Harold is almost dead.
Harold hits you with a +0 war axe!
* * * LOW HITPOINT WARNING * * *
Casting: Magic Dart (safe; 1% risk of failure)
Confirm with . or Enter, or press ? or * to list all spells.
You blink.
Casting: Blink (safe; 3% risk of failure)
Confirm with . or Enter, or press ? or * to list all spells.
You blink.
Harold gestures at you while chanting. The harpoon shot hits you!
You die...

..................########
#'#......_..........#
...+................#
...#................#
...####.....###.....# #####
#.....# #.....######*
....###.....###...........*
..........................*
................@.........*
.......................)..*
..................§.......*
.....###'#########'#######*
.....#.........#.(@......#
.....#.........#..§......#
.....#.........#.........#
.....#..###..####'####...#
....##'####..#**..#***####


You could see Harold.

Vanquished Creatures
  Prince Ribbit (D:6)
  Grinder (D:5)
  2 wraiths (Ossuary)
  Menkaure (D:7)
  Edmund (D:5)
  A water moccasin (D:5)
  Duvessa (D:7)
  An orc warrior (D:6)
  An ice beast (D:6)
  2 sky beasts
  2 ogres (D:7)
  4 centaurs
  A bullfrog (D:6)
  A big kobold (D:5)
  A wyvern zombie (D:6)
  Dowan (D:7)
  3 wights (Ossuary)
  2 crimson imps (D:7)
  A bullfrog zombie (D:7)
  2 jellies (D:6)
  5 orc priests
  6 orc wizards
  Jessica (D:3)
  An iguana (D:7)
  A worker ant (D:7)
  2 mummies (D:7)
  A worker ant zombie (D:6)
  A gnoll (D:3)
  13 adders
  2 shadow imps
  An ooze (D:3)
  An adder skeleton (D:7)
  An adder zombie (Ossuary)
  2 dart slugs
  3 leopard geckos (D:6)
  22 orcs
  7 giant cockroaches
  5 goblins
  6 hobgoblins
  11 jackals
  A quokka (D:2)
  2 ball pythons
  2 ball python skeletons (Ossuary)
  4 bats
  9 frilled lizards
  A giant cockroach zombie (D:5)
  2 gnoll zombies (D:2)
  A hobgoblin zombie (D:7)
  12 kobolds
  4 orc skeletons (Ossuary)
  2 orc zombies (Ossuary)
  7 rats
169 creatures vanquished.

Vanquished Creatures (collateral kills)
  A spriggan (D:7)
  An ogre (D:5)
  A centaur (D:7)
  Blork the orc (D:4)
  A crimson imp (D:5)
  An iguana (D:4)
  3 worker ants (D:4)
  6 gnolls
  4 adders
  5 worms
  6 orcs
  2 giant cockroaches (D:4)
  3 jackals (D:4)
  2 goblins
  2 kobolds (D:2)
  A rat (D:3)
40 creatures vanquished.

Vanquished Creatures (others)
  A leopard gecko (D:2)
1 creature vanquished.

Grand Total: 210 creatures vanquished

Notes
Turn   | Place    | Note
-------+----------+-------------------------------------------
     0 | D:1      | ArcanElement the Deep Elf Wizard began the quest for the
                  | Orb.
     0 | D:1      | Reached XP level 1. HP: 10/10 MP: 7/7
   168 | D:1      | Reached XP level 2. HP: 16/16 MP: 1/9
   337 | D:1      | Learned a level 2 spell: Blink
   340 | D:1      | Learned a level 2 spell: Call Imp
   343 | D:1      | Learned a level 2 spell: Slow
   623 | D:1      | Reached skill level 1 in Fighting
   938 | D:2      | Reached skill level 5 in Spellcasting
   938 | D:2      | Reached XP level 3. HP: 20/20 MP: 5/11
   943 | D:2      | Learned a level 3 spell: Mephitic Cloud
  1238 | D:2      | Found a white marble altar of Elyvilon.
  1463 | D:2      | Reached XP level 4. HP: 25/25 MP: 8/13
  1534 | D:2      | Learned a level 3 spell: Conjure Flame
  1775 | D:2      | Found a basalt altar of Yredelemnul.
  2193 | D:3      | Noticed Jessica
  2206 | D:3      | Killed Jessica
  2440 | D:2      | Reached XP level 5. HP: 30/30 MP: 4/15
  2820 | D:3      | Reached skill level 6 in Spellcasting
  3306 | D:3      | Found a sparkling altar of Nemelex Xobeh.
  3330 | D:3      | Found a shadowy altar of Dithmenos.
  3654 | D:4      | Reached XP level 6. HP: 21/36 MP: 7/17
  3888 | D:4      | Noticed Blork the orc
  3896 | D:4      | Killed Blork the orc
  3896 | D:4      | Reached skill level 5 in Dodging
  4327 | D:4      | Found an ornate altar of the Wu Jian Council.
  4333 | D:4      | Found a burning altar of Makhleb.
  4353 | D:4      | Found a staircase to the Ecumenical Temple.
  4426 | Temple   | Entered the Ecumenical Temple
  4515 | D:5      | Entered Level 5 of the Dungeon
  4597 | D:5      | Noticed a water moccasin
  4603 | D:5      | Killed a water moccasin
  4603 | D:5      | Reached skill level 7 in Spellcasting
  4616 | D:5      | Noticed a sky beast
  4622 | D:5      | Killed a sky beast
  4622 | D:5      | Reached XP level 7. HP: 41/41 MP: 16/19
  5122 | D:5      | Noticed Grinder
  5137 | D:5      | Got a polished trident
  5142 | D:5      | Identified the cursed +0 trident "Babotui" {flame, rN+
                  | Dex+2} (You found it on level 5 of the Dungeon)
  5317 | D:5      | Reached skill level 8 in Spellcasting
  5726 | D:5      | Paralysed by Grinder for 2 turns
  5734 | D:5      | Paralysed by Grinder for 5 turns
  5740 | D:5      | Killed Grinder
  5740 | D:5      | Reached XP level 8. HP: 39/48 MP: 9/22
  5860 | D:5      | Noticed Edmund
  5877 | D:5      | Killed Edmund
  6333 | D:6      | Reached skill level 9 in Spellcasting
  6465 | D:6      | Reached skill level 5 in Fighting
  6609 | D:6      | Noticed Prince Ribbit
  6646 | D:6      | Killed Prince Ribbit
  7128 | D:6      | Reached XP level 9. HP: 35/54 MP: 22/24
  7240 | D:6      | Reached skill level 10 in Spellcasting
  7693 | D:7      | Found a sand-covered staircase.
  7710 | Ossuary  | Entered an ossuary
  8425 | D:7      | Noticed Menkaure
  8580 | D:7      | Found a snail-covered altar of Cheibriados.
  8857 | D:6      | Learned a level 2 spell: Sticks to Snakes
  8877 | D:7      | Killed Menkaure
  9092 | D:7      | Reached skill level 11 in Spellcasting
  9236 | D:7      | Noticed Duvessa
  9237 | D:7      | Noticed Dowan
  9265 | D:7      | Killed Dowan
  9269 | D:7      | Killed Duvessa
  9481 | D:7      | Found an ancient bone altar of Kikubaaqudgha.
  9594 | D:7      | Reached skill level 10 in Dodging
  9699 | D:7      | Noticed Harold
  9734 | D:7      | Killed from afar by Harold

Levels and vault maps discovered:
D:1:      nicolae_arrival_memento_mori, layout_loops_ring, chequers_mini_garden
D:2:      layout_basic, elyvilon_altar_4, lemuel_zombie_altar_yredelemnul,
          hangedman_decor_peaks_small
D:3:      layout_basic, nicolae_dithmenos_through_a_glass_darkly,
          nemelex_diamond_rough_becter, uniq_jessica
D:4:      layout_cave_pools, chequers_temple_overflow_statue_of_worship,
          minmay_temple_entry_glass, first_ration, minmay_bent,
          uniq_blork_the_orc
D:5:      layout_loops_ring, wad_rectangle_vault, uniq_grinder, uniq_edmund
D:6:      layout_basic, uniq_prince_ribbit1
D:7:      layout_gridville, marbit_many_paths, slow_altar_1,
          nicolae_ossuary_entry_giza, the_bakery, uniq_harold, uniq_menkaure,
          uniq_duvessa
Temple:   nicolae_temple_no_exploring_needed

Skill      XL: |  1  2  3  4  5  6  7  8  9 |
---------------+----------------------------+-----
Dodging        | 3 4 5 7 8 10 | 10.0
Fighting       | 1 2 3 4 5 6 |  6.7
Spellcasting   | 5 6 7 8 9 11 | 11.3
Stealth        | |  2.4
Conjurations   | |  1.1
Summonings     | |  1.1
Translocations | |  1.1

Action                   |  1- 3 |  4- 6 |  7- 9 || total
-------------------------+-------+-------+-------++-------
Melee: Dagger            |     7 |    34 |     2 ||    43
       Spear             |     3 |       |    52 ||    55
       Trident           |       |       |   134 ||   134
Throw: Dart              |       |       |     1 ||     1
 Cast: Magic Dart        |    81 |   127 |   394 ||   602
       Call Imp          |     9 |    41 |    26 ||    76
       Conjure Flame     |       |     6 |    57 ||    63
       Blink             |       |     4 |    17 ||    21
       Mephitic Cloud    |       |     5 |    32 ||    37
       Slow              |       |       |     3 ||     3
Evoke: Wand              |       |       |     2 ||     2
  Use: Potion            |     4 |     1 |     1 ||     6
       Scroll            |       |    10 |     8 ||    18
 Stab: Sleeping          |     3 |     1 |       ||     4
       Confused          |       |     1 |     5 ||     6
  Eat: Chunk             |     1 |    10 |    12 ||    23
       Ration            |       |       |     1 ||     1
Armor: Robe              |     7 |     8 |    19 ||    34
Dodge: Dodged            |    22 |    38 |   126 ||   186
